 Dungeon Crawl Stone Soup version 0.18-a0-1677-g2bdad6c (webtiles) character file.

761 dvd the Covert (level 7, -7/33 HPs)
             Began as a Spriggan Enchanter on Apr 2, 2016.
             Was a Believer of Nemelex Xobeh.
             Killed by divine providence
             ... invoked by an orc priest
              (12 damage)
             ... on level 4 of the Dungeon.
             The game lasted 00:18:32 (4745 turns).

dvd the Covert (Spriggan Enchanter)                 Turns: 4745, Time: 00:18:35

Health: -7/33      AC:  5    Str:  4    XL:     7   Next: 51%
Magic:  15/15      EV: 20    Int: 18    God:    Nemelex Xobeh [**....]
Gold:   213        SH:  0    Dex: 17    Spells: 4 memorised, 7 levels left

rFire  . . .     SeeInvis +     a - +1 dagger
rCold  . . .     Gourm    .     b - +1 robe
rNeg   . . .     Faith    .     (shield restricted)
rPois  .         Spirit   .     (helmet restricted)
rElec  .         Dismiss  .     F - +1 cloak
rCorr  .         Reflect  .     (gloves unavailable)
SustAt +         Harm     .     (boots unavailable)
MR     +....                    (no amulet)
Stlth  +++++.....               m - ring of sustain attributes
                                f - ring of flight

@: very quick, somewhat resistant to hostile enchantments, quite stealthy
A: unfitting armour, see invisible, herbivore 3, speed 3, slow metabolism 2
a: Renounce Religion, Evoke Flight


You were on level 4 of the Dungeon.
You worshipped Nemelex Xobeh.
Nemelex Xobeh was pleased with you.
You were not hungry.

You visited 2 branches of the dungeon, and saw 6 of its levels.

You collected 213 gold pieces.

Inventory:

Hand Weapons
 a - a +1 dagger (weapon)
 A - a +0 rapier
 E - a +3 quarterstaff of chaos
Armour
 b - a +1 robe (worn)
 F - a +1 cloak (worn)
Jewellery
 f - a ring of flight (left hand)
 m - a ring of sustain attributes (right hand)
Wands
 w - a wand of acid (3/15)
 z - a wand of random effects (6/48)
 D - a wand of teleportation (5/9)
Scrolls
 l - a scroll of identify {unknown}
 n - a scroll of remove curse {unknown}
 o - a scroll of noise {unknown}
 p - a scroll of immolation
 r - a scroll of fear {unknown}
 s - 2 scrolls of enchant armour {unknown}
 t - 2 scrolls of enchant weapon {unknown}
 v - a scroll of magic mapping {unknown}
 B - a scroll of blinking {unknown}
Potions
 e - 3 potions of curing {unknown}
 g - a potion of flight {unknown}
 h - a potion of resistance {unknown}
 j - 2 potions of cure mutation
 k - 2 potions of heal wounds {unknown}
 q - a potion of ambrosia {unknown}
 u - a potion of magic {unknown}
 x - a potion of mutation {unknown}
Books
 c - a book of Maledictions

   Spells                             Type                      Level
   a - Corona                         Hexes                        1
   b - Ensorcelled Hibernation        Hexes/Ice                    2
   c - Confuse                        Hexes                        3
   d - Tukima's Dance                 Hexes                        3
   e - Dazzling Spray                 Conjuration/Hexes            3
Comestibles
 d - 2 bread rations
 i - 6 fruits
 C - a royal jelly
 G - a slice of pizza


   Skills:
 + Level 1.0 Fighting
 + Level 2.0 Short Blades
 + Level 4.5 Dodging
 + Level 8.3 Stealth
 + Level 5.2 Spellcasting
 + Level 5.7 Hexes
 + Level 2.1 Ice Magic
 + Level 1.1 Evocations


You had 7 spell levels left.
You knew the following spells:

 Your Spells              Type           Power        Failure   Level  Hunger
a - Corona                Hex            ####...      1%          1    None
b - Ensorcelled Hibernat  Hex/Ice        ###...       4%          2    #......
c - Confuse               Hex            ####....     3%          3    ##.....
d - Tukima's Dance        Hex            ####....     3%          3    ##.....


Dungeon Overview and Level Annotations

Branches:
Dungeon (5/15)             Temple (1/1) D:5

Altars:
Dithmenos
Elyvilon
Fedhas
Nemelex Xobeh
Okawaru
Pakellas
Qazlal
Trog
Vehumet
Xom
Zin
The Shining One


Innate Abilities, Weirdness & Mutations

You are tiny and cannot use many weapons and most armour.
You have supernaturally acute eyesight.
You are a herbivore.
You cover ground extremely quickly.
You need consume almost no food.


Message History

Magic restored.
There is a stone staircase leading down here.
You climb downwards.
The ogre hits you!
The centaur skeleton completely misses you.
The ogre hits you!
* * * LOW HITPOINT WARNING * * *
The centaur skeleton hits you but does no damage.
There is a stone staircase leading up, spattered with blood here.
An orc priest comes into view. It is wielding a short sword.
The centaur shouts!
The centaur shoots an arrow.
The arrow closely misses you.
You see here an arrow.
Drink which item? (? for menu, Esc to quit)
It was a potion of cure mutation.
It has a very clean taste.
The orc priest shouts!
The centaur shoots an arrow.
The arrow completely misses you.
The orc priest invokes the aid of Beogh against you.
Beogh smites you!
You die...
Your body disappears without a glow.

...... ......#####
..........##############
........#..##..........#
......#.##..#...........
..... #.###.O...........
.#.# #Z####.........?..
# #(.# #......[....#
#### ###@####...<......#
.....#...!.##..........#
..........<............#
<......................#
.........†.............#
.........co..##.#.#.####
.............##.....#
..........h..... ..##
h.(...........##


You could see a centaur, a howler monkey (wandering), an orc priest and a
centaur skeleton.

Vanquished Creatures
  Eustachio (D:5)
  A centaur (D:5)
  A giant frog (D:5)
  A centaur zombie (D:5)
  2 hounds (D:5)
  2 orc priests
  Crazy Yiuf (D:5)
  An iguana (D:5)
  An orc wizard (D:3)
  A worker ant (D:4)
  A worker ant zombie (D:5)
  A gnoll (D:5)
  5 adders
  A river rat (D:5)
  A shadow imp (D:5)
  3 oozes
  3 worms
  An adder skeleton (D:4)
  5 dart slugs
  4 giant geckos
  6 orcs
  A ball python (D:5)
  6 bats
  8 giant cockroaches
  6 hobgoblins
  7 jackals
  3 quokkas
  A giant cockroach zombie (D:5)
  5 giant newts
  4 goblins
  3 kobolds
  3 rats
  A fungus (D:5)
91 creatures vanquished.

Vanquished Creatures (collateral kills)
  2 orc priests (D:4)
  An adder (D:2)
  A worm (D:3)
  3 orcs (D:4)
  A bat (D:1)
8 creatures vanquished.

Vanquished Creatures (others)
  A hippogriff (D:2)
  4 dancing weapons
5 creatures vanquished.

Grand Total: 104 creatures vanquished

Notes
Turn   | Place    | Note
--------------------------------------------------------------
     0 | D:1      | dvd the Spriggan Enchanter began the quest for the Orb.
     0 | D:1      | Reached XP level 1. HP: 9/9 MP: 5/5
   458 | D:1      | Reached XP level 2. HP: 13/13 MP: 6/6
   465 | D:1      | Learned a level 2 spell: Ensorcelled Hibernation
   566 | D:1      | Found a sparkling altar of Nemelex Xobeh.
   695 | D:1      | Became a worshipper of Nemelex Xobeh the Trickster
   851 | D:1      | Received a gift from Nemelex Xobeh
  1059 | D:1      | Reached skill level 5 in Stealth
  1127 | D:2      | Reached XP level 3. HP: 16/16 MP: 6/8
  1190 | D:2      | Found a white marble altar of Elyvilon.
  1218 | D:2      | Learned a level 3 spell: Confuse
  1304 | D:2      | Reached * piety under Nemelex Xobeh
  1348 | D:2      | Received a gift from Nemelex Xobeh
  1665 | D:2      | Found an oddly glowing altar of Pakellas.
  1665 | D:2      | Noticed an orange crystal statue
  1666 | D:2      | Noticed a hippogriff
  1693 | D:2      | Killed a hippogriff
  1732 | D:2      | Found a glowing golden altar of the Shining One.
  1831 | D:2      | Reached XP level 4. HP: 21/21 MP: 9/9
  2145 | D:3      | Reached skill level 6 in Stealth
  2230 | D:3      | Learned a level 3 spell: Tukima's Dance
  2678 | D:3      | Reached XP level 5. HP: 13/24 MP: 2/11
  3011 | D:3      | You fall through a shaft for 2 floors!
  3011 | D:5      | Entered Level 5 of the Dungeon
  3011 | D:5      | Found a staircase to the Ecumenical Temple.
  3021 | Temple   | Entered the Ecumenical Temple
  3125 | D:5      | Reached skill level 1 in Ice Magic
  3127 | D:5      | Noticed an orc warrior
  3168 | D:5      | Noticed Grinder
  3171 | D:5      | Noticed an ogre
  3198 | D:5      | Reached ** piety under Nemelex Xobeh
  3286 | D:5      | Received a gift from Nemelex Xobeh
  3334 | D:5      | Found a shimmering altar of Xom.
  3336 | D:5      | Noticed Blork the orc
  3351 | D:5      | Noticed Blork
  3351 | D:5      | Blork the orc changed into Blork the hound
  3365 | D:5      | Reached skill level 5 in Hexes
  3379 | D:5      | Killed Blork the hound
  3471 | D:5      | Noticed Eustachio
  3491 | D:5      | Killed Eustachio
  3491 | D:5      | Reached skill level 7 in Stealth
  3491 | D:5      | Reached skill level 1 in Evocations
  3491 | D:5      | Reached XP level 6. HP: 16/29 MP: 6/13
  3765 | D:5      | Noticed an ice beast
  3771 | D:5      | an ice beast changed into a giant frog
  3771 | D:5      | an orc warrior changed into an ooze
  4034 | D:5      | Reached XP level 7. HP: 32/32 MP: 12/15
  4035 | D:5      | Found a bloodstained altar of Trog.
  4090 | D:5      | Noticed Grinder
  4090 | D:5      | Grinder changed into Grinder the crimson imp
  4092 | D:5      | Reached skill level 5 in Spellcasting
  4105 | D:5      | Reached skill level 8 in Stealth
  4152 | D:5      | Noticed Grinder
  4152 | D:5      | Grinder the crimson imp changed into Grinder the quasit
  4153 | D:5      | Noticed Grinder
  4153 | D:5      | Grinder the quasit changed into Grinder the shadow imp
  4158 | D:5      | Killed Grinder the shadow imp
  4375 | D:5      | Noticed Crazy Yiuf
  4379 | D:5      | Killed Crazy Yiuf
  4460 | D:4      | Reached skill level 1 in Fighting
  4644 | D:3      | Found a shadowy altar of Dithmenos.
  4745 | D:4      | Killed from afar by an orc priest

Vault maps used:
D:1:      dpeg_arrival_renting, nemelex_xobeh_ov_fountains_minmay
D:2:      gammafunk_pakellas_statue_experiment, tso_oasis_becter,
          elyvilon_altar_5, first_bread, minmay_misc_feat_encased
D:3:      lemuel_round_altar, nicolae_overflow_hidden_temple,
          corexii_corridor_pit, minmay_misc_feat_room, minmay_close_crescents
D:5:      xom_butterflies, lemuel_crystal_altar, minmay_temple_entry_trees,
          serial_curves, eino_curves_02, eino_curves_03, eino_curves_03,
          uniq_grinder, uniq_eustachio, uniq_blork_the_orc,
          uniq_crazy_yiuf_cottage
Temple:   circular_temple_6

Skill      XL: |  1  2  3  4  5  6  7 |
---------------+----------------------+-----
Hexes          | 4 5 |  5.7
Stealth        | 5 6 7 8 |  8.3
Spellcasting   | 3 4 5 |  5.2
Ice Magic      | 1 2 |  2.1
Evocations     | 1 |  1.1
Dodging        | 4 |  4.5
Short Blades   | 2 |  2.0
Fighting       | 1 |  1.0

Action                   |  1- 3 |  4- 6 |  7- 9 || total
-------------------------+-------+-------+-------++-------
Melee: Dagger            |    76 |   160 |    71 ||   307
 Cast: Corona            |     6 |     2 |       ||     8
       Ensorcelled Hiber |    16 |    32 |    11 ||    59
       Tukima's Dance    |       |     7 |     5 ||    12
       Confuse           |       |     5 |     6 ||    11
Evoke: Deck              |     5 |    16 |     8 ||    29
       Wand              |       |     4 |       ||     4
  Use: Scroll            |       |     1 |       ||     1
       Potion            |       |       |     1 ||     1
 Stab: Sleeping          |    26 |    26 |    11 ||    63
       Distracted        |       |     2 |       ||     2
       Confused          |       |     5 |     3 ||     8
  Eat: Bread ration      |       |     1 |       ||     1
